 Dungeon Crawl Stone Soup version 0.31-a0-202-g547052bce9 (webtiles) character file.

Game seed: 17178853880150166557

29 qw the Shooter (level 3, 0/20 HPs)
             Began as a Deep Elf Hunter on June 26, 2023.
             Slain by a worm (10 damage)
             ... on level 2 of the Dungeon.
             The game lasted 00:00:17 (705 turns).

qw the Shooter (Deep Elf Hunter)                     Turns: 705, Time: 00:00:18

Health: 0/20       AC:  5    Str: 10    XL:     3   Next: 1%
Magic:  5/5        EV: 11    Int: 13    God:
Gold:   36         SH:  0    Dex: 18    Spells: 2/2 levels left

rFire   . . .        Y - +0 shortbow
rCold   . . .        (shield currently unavailable)
rNeg    . . .        l - +0 ring mail
rPois   .            (no helmet)
rElec   .            (no cloak)
rCorr   .            (no gloves)
SInv    .            (no boots)
Will    .....        (no amulet)
Stlth   +            (no ring)
HPRegen 0.23/turn    (no ring)
MPRegen 0.09/turn

%: no passive effects
@: no status effects
A: no striking features
a: no special abilities


You were on level 2 of the Dungeon.
You visited 1 branch of the dungeon, and saw 2 of its levels.

You collected 36 gold pieces.


   Skills:
 - Level 1.5 Fighting
 + Level 6.6 Ranged Weapons
 - Level 2.4 Dodging
 - Level 1.2 Stealth


You had 2 spell levels left.
You didn't know any spells.
Your spell library was empty.

Inventory:

Hand Weapons
 Y - a +0 shortbow (weapon)
Armour
 l - a +0 ring mail (worn)
Scrolls
 h - 2 scrolls of teleportation
Potions
 a - a potion of heal wounds {unknown}
 f - a potion of curing {unknown}
 j - a potion of attraction {unknown}

Dungeon Overview and Level Annotations

Branches:
Dungeon (2/15)

Altars:

Shops:
D:1 [


Message History

You shoot an arrow. The arrow hits the hobgoblin.
The hobgoblin is lightly wounded.
You shoot an arrow. The arrow barely misses the hobgoblin.
A dart slug comes into view.
You shoot an arrow. The arrow barely misses the hobgoblin.
You shoot an arrow.
The arrow hits the hobgoblin but does no damage.
The hobgoblin is lightly wounded.
A giant cockroach comes into view.
You shoot an arrow. The arrow hits the hobgoblin!
You kill the hobgoblin!
A rat comes into view.
You have reached level 3!
Your experience leads to an increase in your attributes!
Increase (S)trength, (I)ntelligence, or (D)exterity?
You feel stronger. x2
You shoot an arrow. The arrow completely misses the worm.
You shoot an arrow. The arrow hits the dart slug.
The dart slug is heavily wounded.
You shoot an arrow. The arrow hits the worm!
The worm is heavily wounded.
You shoot an arrow. The arrow hits the worm!
The worm is almost dead.
The giant cockroach barely misses you. The worm bites you!
You shoot an arrow. The arrow barely misses the worm.
The arrow closely misses the rat.
The giant cockroach bites you but does no damage.
The dart slug bites you but does no damage.
The giant cockroach barely misses you.
You shoot an arrow. The arrow barely misses the worm.
The arrow hits the rat.
The rat is heavily wounded.
The worm misses you.
The giant cockroach completely misses you.
The dart slug launches a dart at you. The slug dart hits you.
You shoot an arrow. The arrow barely misses the worm.
The arrow hits the rat.
You kill the rat!
The giant cockroach closely misses you. The worm bites you!
Ouch! That really hurt!
You die...

#.#.#.#... .......####
#.#.#.#... #.........#
#.#.#.#... #.........#
#.#.#.#.%. .##.........#
#.#.#.#.#+ .........(..#
#.#.#.(... ............#
#.#....... ......B.....#
#......... .....%w@##
###.###.#. ......w..#
### #.#. .......#.# #.#.
.......#.# #<#.
.#######.##############.
#...............[
##..............#
#######.###...........
#....................#


You could see a worm, a dart slug and a giant cockroach.

Vanquished Creatures
  An adder (D:2)
  An endoplasm (D:1)
  A giant cockroach (D:2)
  A goblin (D:2)
  2 hobgoblins
  3 jackals (D:1)
  A quokka (D:2)
  A ball python (D:2)
  4 bats
  A kobold (D:1)
  3 rats
19 creatures vanquished.

Notes
Turn   | Place    | Note
-------+----------+-------------------------------------------
     0 | D:1      | qw the Deep Elf Hunter began the quest for the Orb.
     0 | D:1      | Reached XP level 1. HP: 12/12 MP: 3/3
     0 | D:1      | 0 ||| qw: Version: 0.3-a-22-g0ed2b0b
     0 | D:1      | 0 ||| qw: Game counter: 5765
     0 | D:1      | 0 ||| qw: Melee chars always use a shield: true
     0 | D:1      | 0 ||| qw: God list: Okawaru
     0 | D:1      | 0 ||| qw: Allow faded altars: false
     0 | D:1      | 0 ||| qw: Do Orc after clearing Dungeon:15 true
     0 | D:1      | 0 ||| qw: Do second Lair branch before Depths: true
     0 | D:1      | 0 ||| qw: Lair rune preference: random
     0 | D:1      | 0 ||| qw: Goals: Normal
     0 | D:1      | 0 ||| PLANNING D:1-11
    34 | D:1      | Found Jefyithryni's Antique Armour Shoppe.
    49 | D:1      | 49 ||| SHOPLISTING dyed leather armour (90 gold, have 0).
    49 | D:1      | 49 ||| SHOPLISTING ring mail (72 gold, have 0).
    49 | D:1      | 49 ||| SHOPLISTING runed leather armour (90 gold, have 0).
    49 | D:1      | 49 ||| SHOPLISTING scale mail (72 gold, have 0).
    49 | D:1      | 49 ||| SHOPLISTING translucent swamp dragon scales (990
                  | gold, have 0).
   245 | D:1      | Reached skill level 6 in Ranged Weapons
   245 | D:1      | Reached XP level 2. HP: 16/16 MP: 4/4
   401 | D:1      | 401 ||| UPGRADING to +0 scale mail.
   411 | D:1      | 411 ||| DROPPING +0 leather armour.
   412 | D:1      | 412 ||| UPGRADING to +0 ring mail.
   422 | D:1      | 422 ||| DROPPING +0 scale mail.
   423 | D:1      | 423 ||| READING scroll labelled BUFUPA VITUPN.
   424 | D:1      | 424 ||| READING scroll labelled NEMECK KATUPS.
   425 | D:1      | 425 ||| READING scroll labelled MERATZYEZO.
   426 | D:1      | 426 ||| READING 3 scrolls labelled HASUVVY PEBU.
   429 | D:1      | 429 ||| READING 2 scrolls labelled PAOSE LEFOPS.
   430 | D:1      | 430 ||| DROPPING scroll of butterflies.
   431 | D:1      | 431 ||| DROPPING scroll of fog.
   699 | D:2      | Reached XP level 3. HP: 20/20 MP: 5/5
   705 | D:2      | Slain by a worm

Levels and vault maps discovered:
D:1:      dpeg_arrival_tiny_h, layout_rooms, serial_shops,
          nicolae_shop_tiny_statue_garden
D:2:      layout_basic

Skill      XL: |  1 |
---------------+----+-----
Ranged Weapons | 6 |  6.6
Fighting       | |  1.5
Dodging        | |  2.4
Stealth        | |  1.2

Action                     || total
---------------------------++-------
   Fire: Shortbow          ||    57
    Use: Scroll            ||     5
 Armour: Ring mail         ||     6
         Leather armour    ||     3
  Dodge: Dodged            ||    15

Table legend:
 A = Non-vault XP
 B = Vault XP
 C = Vault XP percentage of total XP
 D = Non-vault monster count
 E = Vault monster count
 F = Vault count percentage of total count
                 A         B        C        D         E       F
            +---------+---------+-------+---------+---------+-------
      Total |      43 |       0 |   0.0 |      19 |       0 |   0.0
            +---------+---------+-------+---------+---------+-------
        D:1 |      17 |       0 |   0.0 |      11 |       0 |   0.0
        D:2 |      26 |       0 |   0.0 |       8 |       0 |   0.0
            +---------+---------+-------+---------+---------+-------
